Workbook
Name x: [1]ORÇAMENTO!#REF!

Sheet ORÇAMENTO
A1: A Prefeitura Municipal de Santa Luzia - MG Objeto: construção de Quadras Sintéticas Tomada de Preço Nº 066/2023 Processo Administrativo Nº 7400/2023
F2: BDI | G2: 0.2369
A3: PLANILHA ORÇAMENTÁRIA | J3: ESTIMADO | K3: 1027870.2 | L3: =L4/K3 -> 0.14124162
A4: Item | B4: Descrição | C4: Unidade | D4: Quantidade | E4: Custo Unitário (sem BDI) (R$) | F4: Preço Unitário (com BDI) (R$) | G4: Preço Total (R$) | J4: PROPOSTO | K4: =G5 -> 882692.15 | L4: =K3-K4 -> 145178.05
G5: =SUM(G6,G95) -> 882692.15 | J5: DESCONTO | K5: 0.1
A6: 1 | B6: QUADRA SINTÉTICA PALMITAL | G6: =SUM(G7,G13,G18,G21,G40,G56,G63,G87) -> 446676.21
A7: 1.1 | B7: SERVIÇOS PRELIMINARES | G7: =SUM(G8:G12) -> 25122.52
A8: 1.1.1 | B8: FORNECIMENTO E COLOCAÇÃO DE PLACA DE OBRA EM CHAPA GALVANIZADA #26, ESP. 0,45 MM, PLOTA DA COM ADESIVO VINÍLICO, AFIXADA COM REBITES 4,8X40 MM, EM ESTRUTURA METÁLICA DE METALON 20X20 MM, ESP. 1,25 MM, INCLUSIVE SUPORTE EM EUCALIPTO AUTOCLAVADO PINTADO COM TINTA PVA DUAS (2) DEMÃOS | C8: m² | D8: 4.5 | E8: =K8 -> 268.09 | F8: =ROUND(E8*(1+$G$2),2) -> 331.6 | G8: =ROUND(F8*D8,2) -> 1492.2 | J8: 297.88 | K8: =IF(J8="","",ROUND(J8*(1-$K$5-I8),2)) -> 268.09 | L8: =IF(J8="","",(J8-K8)/J8) -> 0.10000671
A9: 1.1.2 | B9: TAPUME PADRAO SUDECAP (TIPO I, II E III) - COMPENSADO 10MM FIXAÇAO ENTERRADA SEM INFORME PBH | C9: m | D9: 117.42 | E9: =K9 -> 94.29 | F9: =ROUND(E9*(1+$G$2),2) -> 116.63 | G9: =ROUND(F9*D9,2) -> 13694.69 | J9: 104.77 | K9: =IF(J9="","",ROUND(J9*(1-$K$5-I9),2)) -> 94.29 | L9: =IF(J9="","",(J9-K9)/J9) -> 0.10002863
A10: 1.1.3 | B10: LOCACAO CONVENCIONAL DE OBRA, UTILIZANDO GABARITO DE TÁBUAS CORRIDAS PONTALETADAS A CADA 2,00M - 2 UTILIZAÇÕES. AF_10/2018 | C10: m | D10: 110.4 | E10: =K10 -> 60.33 | F10: =ROUND(E10*(1+$G$2),2) -> 74.62 | G10: =ROUND(F10*D10,2) -> 8238.05 | J10: 67.03 | K10: =IF(J10="","",ROUND(J10*(1-$K$5-I10),2)) -> 60.33 | L10: =IF(J10="","",(J10-K10)/J10) -> 0.099955244
A11: 1.1.4 | B11: LIGAÇÃO DE ÁGUA PROVISÓRIA PARA CANTEIRO, INCLUSIVE HIDRÔMETRO E CAVALETE PARA MEDIÇÃO DE ÁGUA - ENTRADA PRINCIPAL, EM AÇO GALVANIZADO DN 20MM (1/2") - PADRÃO CONCESSIONÁRIA | C11: un | D11: 1 | E11: =K11 -> 338.72 | F11: =ROUND(E11*(1+$G$2),2) -> 418.96 | G11: =ROUND(F11*D11,2) -> 418.96 | J11: 376.36 | K11: =IF(J11="","",ROUND(J11*(1-$K$5-I11),2)) -> 338.72 | L11: =IF(J11="","",(J11-K11)/J11) -> 0.10001063
A12: 1.1.5 | B12: LIGAÇÃO PROVISÓRIA COM ENTRADA DE ENERGIA AÉREA, PADRÃO CEMIG, CARGA INSTALA DA DE 15,1KVA ATÉ 30KVA, TRIFÁ SICO , COM SAÍDA SUBTERRÂNEA, INCLUSIVE POSTE, CAIXA PARA MEDIDOR, DISJUNTOR, BARRAMENTO , ATERRAMENTO E ACESSÓRIOS | C12: un | D12: 1 | E12: =K12 -> 1033.73 | F12: =ROUND(E12*(1+$G$2),2) -> 1278.62 | G12: =ROUND(F12*D12,2) -> 1278.62 | J12: 1148.59 | K12: =IF(J12="","",ROUND(J12*(1-$K$5-I12),2)) -> 1033.73 | L12: =IF(J12="","",(J12-K12)/J12) -> 0.10000087
A13: 1.2 | B13: ADMINISTRAÇÃO LOCAL | G13: =SUM(G14:G17) -> 36540.3
A14: 1.2.1 | B14: ADMINISTRAÇÃO LOCAL | C14: un | D14: 1 | E14: =K14 -> 23958.8 | F14: =ROUND(E14*(1+$G$2),2) -> 29634.64 | G14: =ROUND(F14*D14,2) -> 29634.64 | J14: 26620.89 | K14: =IF(J14="","",ROUND(J14*(1-$K$5-I14),2)) -> 23958.8 | L14: =IF(J14="","",(J14-K14)/J14) -> 0.10000004
A15: 1.2.2 | B15: LOCACAO DE CONTAINER 2,30 X 6,00 M, ALT. 2,50 M, PARA ESCRITORIO, SEM DIVISORIAS INTERNAS E SEM SANITARIO (NAO INCLUI MOBILIZACAO/DESMOBILIZACAO) | C15: mês | D15: 3 | E15: =K15 -> 674.64 | F15: =ROUND(E15*(1+$G$2),2) -> 834.46 | G15: =ROUND(F15*D15,2) -> 2503.38 | J15: 749.6 | K15: =IF(J15="","",ROUND(J15*(1-$K$5-I15),2)) -> 674.64 | L15: =IF(J15="","",(J15-K15)/J15) -> 0.1
A16: 1.2.3 | B16: LOCACAO DE CONTAINER 2,30 X 4,30 M, ALT. 2,50 M, PARA SANITARIO, COM 3 BACIAS, 4 CHUVEIROS, 1 LAVATORIO E 1 MICTORIO (NAO INCLUI MOBILIZACAO/DESMOBILIZACAO) | C16: mês | D16: 3 | E16: =K16 -> 980.49 | F16: =ROUND(E16*(1+$G$2),2) -> 1212.77 | G16: =ROUND(F16*D16,2) -> 3638.31 | J16: 1089.43 | K16: =IF(J16="","",ROUND(J16*(1-$K$5-I16),2)) -> 980.49 | L16: =IF(J16="","",(J16-K16)/J16) -> 0.099997246
A17: 1.2.4 | B17: MOBILIZAÇÃO E DESMOBILIZAÇÃO DE CONTAINER, INCLUSIVE CARGA, DESCARGA E TRANSPORTE EM CAMINHÃO CARROCERIA COM GUINDAUT O (MUNCK), EXCLUSIVE LOCAÇÃO DO CONTAINER | C17: un | D17: 1 | E17: =K17 -> 617.65 | F17: =ROUND(E17*(1+$G$2),2) -> 763.97 | G17: =ROUND(F17*D17,2) -> 763.97 | J17: 686.28 | K17: =IF(J17="","",ROUND(J17*(1-$K$5-I17),2)) -> 617.65 | L17: =IF(J17="","",(J17-K17)/J17) -> 0.10000291
A18: 1.3 | B18: DEMOLIÇÕES, REMOÇÕES E LIMPEZA | G18: =SUM(G19:G20) -> 1117.7
A19: 1.3.1 | B19: DEMOLIÇÃO DE ALVENARIA PARA QUALQUER TIPO DE BLOCO, “DE FORMA MECANIZADA, SEM REAPROVEITAMENTO. AF_12/2017 | C19: m³ | D19: 2.2 | E19: =K19 -> 55.31 | F19: =ROUND(E19*(1+$G$2),2) -> 68.41 | G19: =ROUND(F19*D19,2) -> 150.5 | J19: 61.45 | K19: =IF(J19="","",ROUND(J19*(1-$K$5-I19),2)) -> 55.31 | L19: =IF(J19="","",(J19-K19)/J19) -> 0.099918633
A20: 1.3.2 | B20: DEMOLIÇÃO MECANIZADA DE LAJE DE CONCRETO ARMADO, COM ESPESSURA DE ATÉ 15CM, , COM EQUIPAMENTO PNEUMÁTICO, INCLUSIVE AFASTAMENTO E EMPILHAMENTO, EXCLUSIVE TRANSPORTE E RETIRADA DO MATERIAL DEMOLIDO | C20: m² | D20: 60 | E20: =K20 -> 13.03 | F20: =ROUND(E20*(1+$G$2),2) -> 16.12 | G20: =ROUND(F20*D20,2) -> 967.2 | J20: 14.48 | K20: =IF(J20="","",ROUND(J20*(1-$K$5-I20),2)) -> 13.03 | L20: =IF(J20="","",(J20-K20)/J20) -> 0.10013812
A21: 1.4 | B21: MUROS DE CONTENÇÃO | G21: =SUM(G22:G39) -> 104589.75
A22: 1.4.1 | B22: ESCAVAÇÃO MANUAL PARA BLOCO DE COROAMENTO OU SAPATA (INCLUINDO ESCAVAÇÃO PARA COLOCAÇÃO DE FORMAS). AF_06/2017 | C22: m³ | D22: 32.17 | E22: =K22 -> 79.75 | F22: =ROUND(E22*(1+$G$2),2) -> 98.64 | G22: =ROUND(F22*D22,2) -> 3173.25 | J22: 88.61 | K22: =IF(J22="","",ROUND(J22*(1-$K$5-I22),2)) -> 79.75 | L22: =IF(J22="","",(J22-K22)/J22) -> 0.099988715
A23: 1.4.2 | B23: FABRICAÇÃO, MONTAGEM E DESMONTAGEM DE FORMA PARA BLOCO DE COROAMENTO, EM MADEIRA SERRADA, E=25 MM, 4 UTILIZAÇÕES. M2 AF 06/2017 | C23: m² | D23: 76.32 | E23: =K23 -> 96.39 | F23: =ROUND(E23*(1+$G$2),2) -> 119.22 | G23: =ROUND(F23*D23,2) -> 9098.87 | J23: 107.1 | K23: =IF(J23="","",ROUND(J23*(1-$K$5-I23),2)) -> 96.39 | L23: =IF(J23="","",(J23-K23)/J23) -> 0.1
A24: 1.4.3 | B24: FABRICAÇÃO, MONTAGEM E DESMONTAGEM DE FORMA PARA VIGA BALDRAME, EM MADEIRA SERRADA, E=25 MM , 4 UTILIZAÇÕES. AF 06/2017 | C24: m² | D24: 19.91 | E24: =K24 -> 84.8 | F24: =ROUND(E24*(1+$G$2),2) -> 104.89 | G24: =ROUND(F24*D24,2) -> 2088.36 | J24: 94.22 | K24: =IF(J24="","",ROUND(J24*(1-$K$5-I24),2)) -> 84.8 | L24: =IF(J24="","",(J24-K24)/J24) -> 0.099978773
A25: 1.4.4 | B25: CONCRETAGEM DE ELEMENTOS DE FUNDAÇÃO, FCK 25 MPA, COM USO DE BOMBA LANÇAMENTO, ADENSAMENTO E ACABAMENTO. AF_06/2017 | C25: m³ | D25: 21.58 | E25: =K25 -> 674.99 | F25: =ROUND(E25*(1+$G$2),2) -> 834.9 | G25: =ROUND(F25*D25,2) -> 18017.14 | J25: 749.99 | K25: =IF(J25="","",ROUND(J25*(1-$K$5-I25),2)) -> 674.99 | L25: =IF(J25="","",(J25-K25)/J25) -> 0.10000133
A26: 1.4.5 | B26: ESTACA BROCA DE CONCRETO , DIAMETRO DE 30 CM, ESCAVAÇAO MANUAL COM TRADO CONCHA, EXCLUSIVE ARM A ÇÃO - CONCRETO FCK=25MPa USINADO | C26: m | D26: 186 | E26: =K26 -> 60.81 | F26: =ROUND(E26*(1+$G$2),2) -> 75.22 | G26: =ROUND(F26*D26,2) -> 13990.92 | J26: 67.57 | K26: =IF(J26="","",ROUND(J26*(1-$K$5-I26),2)) -> 60.81 | L26: =IF(J26="","",(J26-K26)/J26) -> 0.1000444
A27: 1.4.6 | B27: LASTRO DE CONCRETO MAGRO, APLICADO EM BLOCOS DE COROAMENTO OU SAPATAS. AF_08/2017 | C27: m³ | D27: 2.23 | E27: =K27 -> 570.47 | F27: =ROUND(E27*(1+$G$2),2) -> 705.61 | G27: =ROUND(F27*D27,2) -> 1573.51 | J27: 633.86 | K27: =IF(J27="","",ROUND(J27*(1-$K$5-I27),2)) -> 570.47 | L27: =IF(J27="","",(J27-K27)/J27) -> 0.10000631
A28: 1.4.7 | B28: ARRASAMENTO MECANICO DE ESTACA DE CONCRETO ARMADO, DIAMETROS DE ATÉ 40 CM. AF_05/2021 | C28: un | D28: 53 | E28: =K28 -> 14.03 | F28: =ROUND(E28*(1+$G$2),2) -> 17.35 | G28: =ROUND(F28*D28,2) -> 919.55 | J28: 15.59 | K28: =IF(J28="","",ROUND(J28*(1-$K$5-I28),2)) -> 14.03 | L28: =IF(J28="","",(J28-K28)/J28) -> 0.10006414
A29: 1.4.8 | B29: ARMAÇÃO DE BLOCO, VIGA BALDRAME OU SAPATA UTILIZANDO AÇO CA 50 DE 10 MM - MONTAGEM. AF_06/2017 | C29: kg | D29: 1224.25 | E29: =K29 -> 12.17 | F29: =ROUND(E29*(1+$G$2),2) -> 15.05 | G29: =ROUND(F29*D29,2) -> 18424.96 | J29: 13.52 | K29: =IF(J29="","",ROUND(J29*(1-$K$5-I29),2)) -> 12.17 | L29: =IF(J29="","",(J29-K29)/J29) -> 0.099852071
A30: 1.4.9 | B30: ARMAÇÃO DE BLOCO, VIGA BALDRAME OU SAPATA UTILIZANDO AÇO CA 50 DE 6,3 MM - MONTAGEM . AF_06/2017 | C30: kg | D30: 163.14 | E30: =K30 -> 14.83 | F30: =ROUND(E30*(1+$G$2),2) -> 18.34 | G30: =ROUND(F30*D30,2) -> 2991.99 | J30: 16.48 | K30: =IF(J30="","",ROUND(J30*(1-$K$5-I30),2)) -> 14.83 | L30: =IF(J30="","",(J30-K30)/J30) -> 0.10012136
A31: 1.4.10 | B31: MONTAGEM DE ARMADURA DE ESTACAS, DIÂMETRO = 10,0 MM. AF 09/2021 | C31: kg | D31: 78 | E31: =K31 -> 10.31 | F31: =ROUND(E31*(1+$G$2),2) -> 12.75 | G31: =ROUND(F31*D31,2) -> 994.5 | J31: 11.46 | K31: =IF(J31="","",ROUND(J31*(1-$K$5-I31),2)) -> 10.31 | L31: =IF(J31="","",(J31-K31)/J31) -> 0.10034904
A32: 1.4.11 | B32: MONTAGEM DE ARMADURA DE ESTACAS DIÂMETRO = 12,5 MM. AF_09/2021_PS | C32: kg | D32: 720 | E32: =K32 -> 8.64 | F32: =ROUND(E32*(1+$G$2),2) -> 10.69 | G32: =ROUND(F32*D32,2) -> 7696.8 | J32: 9.6 | K32: =IF(J32="","",ROUND(J32*(1-$K$5-I32),2)) -> 8.64 | L32: =IF(J32="","",(J32-K32)/J32) -> 0.1
A33: 1.4.12 | B33: MONTAGEM DE ARMADURA TRANSVERSAL DE ESTACAS DE SEÇÃO CIRCULAR, DIÂMETRO = 6,30MM. AF_09/2021_PS | C33: kg | D33: 197 | E33: =K33 -> 13.1 | F33: =ROUND(E33*(1+$G$2),2) -> 16.2 | G33: =ROUND(F33*D33,2) -> 3191.4 | J33: 14.55 | K33: =IF(J33="","",ROUND(J33*(1-$K$5-I33),2)) -> 13.1 | L33: =IF(J33="","",(J33-K33)/J33) -> 0.099656357
... A39: 1.4.18 | B39: EXECUCAO DE DRENO COM MANTA GEOTEXTIL 200 G/M2 | C39: m² | D39: 86.56 | E39: =K39 -> 7.33 | F39: =ROUND(E39*(1+$G$2),2) -> 9.07 | G39: =ROUND(F39*D39,2) -> 785.1 | J39: 8.14 | K39: =IF(J39="","",ROUND(J39*(1-$K$5-I39),2)) -> 7.33 | L39: =IF(J39="","",(J39-K39)/J39) -> 0.0995086
A40: 1.5 | B40: ALAMBRADO/FUNDAÇÃO DO ALAMBRADO | G40: =SUM(G41:G55) -> 110869.93
A41: 1.5.1 | B41: ALAMBRADO PARA QUADRA POLIESPORTIVA, ESTRUTURADO POR TUBOS DE ACO GALVANIZADO, COM COSTURA, DIN 2440, DIAMETRO 2 1/2", COM TELA DE ARAME GALVANIZADO, FIO 14 BWG E MALHA QUADRADA 5X5CM | C41: m² | D41: 409.6 | E41: =K41 -> 170.64 | F41: =ROUND(E41*(1+$G$2),2) -> 211.06 | G41: =ROUND(F41*D41,2) -> 86450.18 | I41: 0.18 | J41: 237 | K41: =IF(J41="","",ROUND(J41*(1-$K$5-I41),2)) -> 170.64 | L41: =IF(J41="","",(J41-K41)/J41) -> 0.28
A42: 1.5.2 | B42: PORTÃO EM TUBOS DE AÇO GALVANIZADO 2 1/2", COM COSTURA, DIN 244 0, COM TELA DE ARAME GALVANIZADO, FIO 14 BWG E MALHA QUADRADA 5x5CM - 0,9X2,10. | C42: un | D42: 2 | E42: =K42 -> 776.45 | F42: =ROUND(E42*(1+$G$2),2) -> 960.39 | G42: =ROUND(F42*D42,2) -> 1920.78 | J42: 862.72 | K42: =IF(J42="","",ROUND(J42*(1-$K$5-I42),2)) -> 776.45 | L42: =IF(J42="","",(J42-K42)/J42) -> 0.099997682
A43: 1.5.3 | B43: ESCAVAÇÃO MANUAL PARA BLOCO DE COROAMENTO OU SAPATA (INCLUINDO ESCAVAÇÃO PARA COLOCAÇÃO DE FÔRMAS). AF_06/2017 | C43: m³ | D43: 3.92 | E43: =K43 -> 79.75 | F43: =ROUND(E43*(1+$G$2),2) -> 98.64 | G43: =ROUND(F43*D43,2) -> 386.67 | J43: 88.61 | K43: =IF(J43="","",ROUND(J43*(1-$K$5-I43),2)) -> 79.75 | L43: =IF(J43="","",(J43-K43)/J43) -> 0.099988715
A44: 1.5.4 | B44: FABRICAÇÃO , MONTAGEM E DESMONTAGEM DE FÔRMA PARA BLOCO DE COROAMENTO , EM MADEIRA SERRADA, E=25 MM, 4 UTILIZAÇÕES. AF 06/2017 | C44: m² | D44: 17.28 | E44: =K44 -> 96.39 | F44: =ROUND(E44*(1+$G$2),2) -> 119.22 | G44: =ROUND(F44*D44,2) -> 2060.12 | J44: 107.1 | K44: =IF(J44="","",ROUND(J44*(1-$K$5-I44),2)) -> 96.39 | L44: =IF(J44="","",(J44-K44)/J44) -> 0.1
A45: 1.5.5 | B45: CONCRETAGEM DE ELEMENTOS DE FUNDAÇÃO, FCK 25 MPA, COM USO DE BOMBA LANÇAMENTO, ADENSAMENTO E ACABAMENTO . AF_06/2017 | C45: m³ | D45: 2.59 | E45: =K45 -> 674.99 | F45: =ROUND(E45*(1+$G$2),2) -> 834.9 | G45: =ROUND(F45*D45,2) -> 2162.39 | J45: 749.99 | K45: =IF(J45="","",ROUND(J45*(1-$K$5-I45),2)) -> 674.99 | L45: =IF(J45="","",(J45-K45)/J45) -> 0.10000133
A46: 1.5.6 | B46: ESTACA BROCA DE CONCRETO, DIAMETRO DE 30 CM, ESCAVAÇAO MANUAL COM TRADO CONCHA, EXCLUSIVE ARMAÇÃO - CONCRETO FCK=25MPa USINADO | C46: m | D46: 58 | E46: =K46 -> 60.81 | F46: =ROUND(E46*(1+$G$2),2) -> 75.22 | G46: =ROUND(F46*D46,2) -> 4362.76 | J46: 67.57 | K46: =IF(J46="","",ROUND(J46*(1-$K$5-I46),2)) -> 60.81 | L46: =IF(J46="","",(J46-K46)/J46) -> 0.1000444
A47: 1.5.7 | B47: LASTRO DE CONCRETO MAGRO, APLICADO EM BLOCOS DE COROAMENTO OU SAPATAS. AF 08/2017 | C47: m³ | D47: 0.29 | E47: =K47 -> 570.47 | F47: =ROUND(E47*(1+$G$2),2) -> 705.61 | G47: =ROUND(F47*D47,2) -> 204.63 | J47: 633.86 | K47: =IF(J47="","",ROUND(J47*(1-$K$5-I47),2)) -> 570.47 | L47: =IF(J47="","",(J47-K47)/J47) -> 0.10000631
A48: 1.5.8 | B48: ARMAÇÃO DE BLOCO, VIGA BALDRAME OU SAPATA UTILIZANDO AÇO CA- 50 DE 8 MM - MONTAGEM. AF_06/2017 | C48: kg | D48: 183.58 | E48: =K48 -> 13.72 | F48: =ROUND(E48*(1+$G$2),2) -> 16.97 | G48: =ROUND(F48*D48,2) -> 3115.35 | J48: 15.24 | K48: =IF(J48="","",ROUND(J48*(1-$K$5-I48),2)) -> 13.72 | L48: =IF(J48="","",(J48-K48)/J48) -> 0.099737533
A49: 1.5.9 | B49: MONTAGEM DE ARMADURA DE ESTACAS, DIÂMETRO = 8,0 MM. AF 09/2021 OS | C49: kg | D49: 133.71 | E49: =K49 -> 11.98 | F49: =ROUND(E49*(1+$G$2),2) -> 14.82 | G49: =ROUND(F49*D49,2) -> 1981.58 | J49: 13.31 | K49: =IF(J49="","",ROUND(J49*(1-$K$5-I49),2)) -> 11.98 | L49: =IF(J49="","",(J49-K49)/J49) -> 0.099924869
A50: 1.5.10 | B50: MONTAGEM DE ARMADURA TRANSVERSAL DE ESTACAS DE SEÇÃO CIRCULAR, DIÂMETRO = 5,0 MM. AF 09/2021_PS | C50: kg | D50: 44.52 | E50: =K50 -> 14.56 | F50: =ROUND(E50*(1+$G$2),2) -> 18.01 | G50: =ROUND(F50*D50,2) -> 801.81 | J50: 16.18 | K50: =IF(J50="","",ROUND(J50*(1-$K$5-I50),2)) -> 14.56 | L50: =IF(J50="","",(J50-K50)/J50) -> 0.10012361
A51: 1.5.11 | B51: PINTURA COM TINTA ALQUİDICA DE ACABAMENTO (ESMALTE SINTÉTICO FOSCO) PULVERIZADA SOBRE PERFIL METÁLICO EXECUTADO EM FÁBRICA (POR DEMÃO). AF 01/2020 PE | C51: m² | D51: 125.75 | E51: =K51 -> 9.65 | F51: =ROUND(E51*(1+$G$2),2) -> 11.94 | G51: =ROUND(F51*D51,2) -> 1501.46 | J51: 10.72 | K51: =IF(J51="","",ROUND(J51*(1-$K$5-I51),2)) -> 9.65 | L51: =IF(J51="","",(J51-K51)/J51) -> 0.099813433
A52: 1.5.12 | B52: PINTURA COM TINTA ALQUÍDICA DE ACABAMENTO (ESMALTE SINTÉTICO FOSCO) PULVERIZADA SOBRE SUPERFİCIES METÁLICAS (EXCETO PERFIL) EXECUTADO EM OBRA (POR DEMÃO). AF_01/2020_PE | C52: m² | D52: 125.75 | E52: =K52 -> 21.55 | F52: =ROUND(E52*(1+$G$2),2) -> 26.66 | G52: =ROUND(F52*D52,2) -> 3352.5 | J52: 23.94 | K52: =IF(J52="","",ROUND(J52*(1-$K$5-I52),2)) -> 21.55 | L52: =IF(J52="","",(J52-K52)/J52) -> 0.099832916
A53: 1.5.13 | B53: REATERRO MANUAL APILOADO COM SOQUETE. AF_10/2017 | C53: m³ | D53: 1.33 | E53: =K53 -> 40.71 | F53: =ROUND(E53*(1+$G$2),2) -> 50.35 | G53: =ROUND(F53*D53,2) -> 66.97 | J53: 45.23 | K53: =IF(J53="","",ROUND(J53*(1-$K$5-I53),2)) -> 40.71 | L53: =IF(J53="","",(J53-K53)/J53) -> 0.099933672
... A55: 1.5.15 | B55: MONTAGEM E DESMONTAGEM DE ANDAIME”TUBULAR TIPO TORRE (EXCLUSIVE ANDAIME E LIMPEZA). AF 11/2017 | C55: m | D55: 102.4 | E55: =K55 -> 17.12 | F55: =ROUND(E55*(1+$G$2),2) -> 21.18 | G55: =ROUND(F55*D55,2) -> 2168.83 | J55: 19.02 | K55: =IF(J55="","",ROUND(J55*(1-$K$5-I55),2)) -> 17.12 | L55: =IF(J55="","",(J55-K55)/J55) -> 0.099894848
A56: 1.6 | B56: QUADRA SINTÉTICA | G56: =SUM(G57:G62) -> 101357.51
A57: 1.6.1 | B57: EXECUÇÃO E COMPACTAÇÃO COM PLACA VIBRATÓRIA, DE BASE PARA QUADRA SINTÉTICA EM BRITA GRADUADA SIMPLES | C57: m³ | D57: 28.9 | E57: =K57 -> 187.15 | F57: =ROUND(E57*(1+$G$2),2) -> 231.49 | G57: =ROUND(F57*D57,2) -> 6690.06 | J57: 207.94 | K57: =IF(J57="","",ROUND(J57*(1-$K$5-I57),2)) -> 187.15 | L57: =IF(J57="","",(J57-K57)/J57) -> 0.099980764
A58: 1.6.2 | B58: EXECUÇÃO E COMPACTAÇÃO DE PÓ DE PEDRA - EXCLUSIVE CARGA E TRANSPORTE | C58: m³ | D58: 11.56 | E58: =K58 -> 116.56 | F58: =ROUND(E58*(1+$G$2),2) -> 144.17 | G58: =ROUND(F58*D58,2) -> 1666.61 | J58: 129.51 | K58: =IF(J58="","",ROUND(J58*(1-$K$5-I58),2)) -> 116.56 | L58: =IF(J58="","",(J58-K58)/J58) -> 0.099992279
A59: 1.6.3 | B59: FORNECIMENTO DE AREIA PARA QUADRA SINTÉTICA-EXCLUSIVE CARGA E TRANSPORTE | C59: m³ | D59: 4.62 | E59: =K59 -> 115.46 | F59: =ROUND(E59*(1+$G$2),2) -> 142.81 | G59: =ROUND(F59*D59,2) -> 659.78 | J59: 128.29 | K59: =IF(J59="","",ROUND(J59*(1-$K$5-I59),2)) -> 115.46 | L59: =IF(J59="","",(J59-K59)/J59) -> 0.10000779
A60: 1.6.4 | B60: TRANSPORTE COM CAMINHÃO BASCULANTE DE 6 M’, EM VIA URBANA PAVIMENTADA, DMT ATÉ 30 KM (UNIDADE: M3XKM). AF_07/2020 | C60: m³xkm | D60: 254.3 | E60: =K60 -> 2.38 | F60: =ROUND(E60*(1+$G$2),2) -> 2.94 | G60: =ROUND(F60*D60,2) -> 747.64 | J60: 2.64 | K60: =IF(J60="","",ROUND(J60*(1-$K$5-I60),2)) -> 2.38 | L60: =IF(J60="","",(J60-K60)/J60) -> 0.098484848
A61: 1.6.5 | B61: GRANULADO DE BORRACHA, TAPE E GRAMA SINTÉTICA FORNECIMENTO E INSTALACAO NAS CORES VERDE E BRANCO 52MM, GONF ORME AS ESPECIFICAÇÕES MÍNIMAS DE PROJETO , INCLUSIVE FRETE | C61: m² | D61: 578 | E61: =K61 -> 120.18 | F61: =ROUND(E61*(1+$G$2),2) -> 148.65 | G61: =ROUND(F61*D61,2) -> 85919.7 | J61: 133.53 | K61: =IF(J61="","",ROUND(J61*(1-$K$5-I61),2)) -> 120.18 | L61: =IF(J61="","",(J61-K61)/J61) -> 0.099977533
A62: 1.6.6 | B62: PAR DE TRAVES E REDE DE FUTEBOL SOCIETY 4x2,20 - INSTALAÇAO E FORNECIMENTO | C62: par | D62: 1 | E62: =K62 -> 4587.05 | F62: =ROUND(E62*(1+$G$2),2) -> 5673.72 | G62: =ROUND(F62*D62,2) -> 5673.72 | J62: 5096.72 | K62: =IF(J62="","",ROUND(J62*(1-$K$5-I62),2)) -> 4587.05 | L62: =IF(J62="","",(J62-K62)/J62) -> 0.099999608
A63: 1.7 | B63: ILUMINAÇÃO | G63: =SUM(G64:G86) -> 25940.57
A64: 1.7.1 | B64: CONECTOR METALICO TIPO PARA FUSO FENDIDO (SPLIT BOLT), PARA CABOS ATE 16 MM2 | C64: un | D64: 18 | E64: =K64 -> 7.63 | F64: =ROUND(E64*(1+$G$2),2) -> 9.44 | G64: =ROUND(F64*D64,2) -> 169.92 | J64: 8.48 | K64: =IF(J64="","",ROUND(J64*(1-$K$5-I64),2)) -> 7.63 | L64: =IF(J64="","",(J64-K64)/J64) -> 0.10023585
A65: 1.7.2 | B65: CAIXA E ACESSORIOS - TIPO ZA PASSEIO COM TAMPA ARTICULADA 28X 28X40 CM | C65: un | D65: 6 | E65: =K65 -> 211.91 | F65: =ROUND(E65*(1+$G$2),2) -> 262.11 | G65: =ROUND(F65*D65,2) -> 1572.66 | J65: 235.45 | K65: =IF(J65="","",ROUND(J65*(1-$K$5-I65),2)) -> 211.91 | L65: =IF(J65="","",(J65-K65)/J65) -> 0.099978764
A66: 1.7.3 | B66: QUADRO DE MEDIÇÃO GERAL DE ENERGIA PARA 1 MEDIDOR DE SOBREPOR - FORNECIMENTO E INSTALAÇÃO. AF 10/2020 | C66: un | D66: 1 | E66: =K66 -> 137.9 | F66: =ROUND(E66*(1+$G$2),2) -> 170.57 | G66: =ROUND(F66*D66,2) -> 170.57 | J66: 153.22 | K66: =IF(J66="","",ROUND(J66*(1-$K$5-I66),2)) -> 137.9 | L66: =IF(J66="","",(J66-K66)/J66) -> 0.099986947
A67: 1.7.4 | B67: CAIXA COM LENTE CMD3-5 INSTALACAO | C67: un | D67: 1 | E67: =K67 -> 872.92 | F67: =ROUND(E67*(1+$G$2),2) -> 1079.71 | G67: =ROUND(F67*D67,2) -> 1079.71 | J67: 969.91 | K67: =IF(J67="","",ROUND(J67*(1-$K$5-I67),2)) -> 872.92 | L67: =IF(J67="","",(J67-K67)/J67) -> 0.099998969
A68: 1.7.5 | B68: CONTATOR MODULAR 2P 25A - FORNECIMENTO E INSTALAÇÃO | C68: un | D68: 1 | E68: =K68 -> 267.42 | F68: =ROUND(E68*(1+$G$2),2) -> 330.77 | G68: =ROUND(F68*D68,2) -> 330.77 | J68: 297.13 | K68: =IF(J68="","",ROUND(J68*(1-$K$5-I68),2)) -> 267.42 | L68: =IF(J68="","",(J68-K68)/J68) -> 0.099989903
A69: 1.7.6 | B69: BOTOEIRA COMANDO MANUAL TIPO LIGA/DESLIGA | C69: un | D69: 1 | E69: =K69 -> 41.82 | F69: =ROUND(E69*(1+$G$2),2) -> 51.73 | G69: =ROUND(F69*D69,2) -> 51.73 | J69: 46.47 | K69: =IF(J69="","",ROUND(J69*(1-$K$5-I69),2)) -> 41.82 | L69: =IF(J69="","",(J69-K69)/J69) -> 0.10006456
A70: 1.7.7 | B70: DISJUNTOR BIPOLAR TIPO DIN, CORRENTE NOMINAL DE 40A - FORNECIMENTO E INSTALAÇÃO. AF_10/2020 | C70: un | D70: 1 | E70: =K70 -> 93.1 | F70: =ROUND(E70*(1+$G$2),2) -> 115.16 | G70: =ROUND(F70*D70,2) -> 115.16 | J70: 103.44 | K70: =IF(J70="","",ROUND(J70*(1-$K$5-I70),2)) -> 93.1 | L70: =IF(J70="","",(J70-K70)/J70) -> 0.09996133
A71: 1.7.8 | B71: DISJUNTOR BIPOLAR TIPO DIN, CORRENTE NOMINAL DE 16A - FORNECIMENTO E INSTALAÇÃO. AF_10/2020 | C71: un | D71: 1 | E71: =K71 -> 85.37 | F71: =ROUND(E71*(1+$G$2),2) -> 105.59 | G71: =ROUND(F71*D71,2) -> 105.59 | J71: 94.85 | K71: =IF(J71="","",ROUND(J71*(1-$K$5-I71),2)) -> 85.37 | L71: =IF(J71="","",(J71-K71)/J71) -> 0.099947285
A72: 1.7.9 | B72: DISJUNTOR BIPOLAR TIPO DIN, CORRENTE NOMINAL DE 6A - FORNECIMENTO E INSTALAÇÃO. AF_10/2020 | C72: un | D72: 1 | E72: =K72 -> 83.84 | F72: =ROUND(E72*(1+$G$2),2) -> 103.7 | G72: =ROUND(F72*D72,2) -> 103.7 | J72: 93.16 | K72: =IF(J72="","",ROUND(J72*(1-$K$5-I72),2)) -> 83.84 | L72: =IF(J72="","",(J72-K72)/J72) -> 0.10004294
A73: 1.7.10 | B73: DISJUNTOR DPS 175V - 40KA - 93661 ADAPTADA | C73: un | D73: 3 | E73: =K73 -> 155.01 | F73: =ROUND(E73*(1+$G$2),2) -> 191.73 | G73: =ROUND(F73*D73,2) -> 575.19 | J73: 172.23 | K73: =IF(J73="","",ROUND(J73*(1-$K$5-I73),2)) -> 155.01 | L73: =IF(J73="","",(J73-K73)/J73) -> 0.099982581
A74: 1.7.11 | B74: IDR 2 POLOS 230V - 30mA - 25A - 93661 ADAPTADA | C74: un | D74: 1 | E74: =K74 -> 219.02 | F74: =ROUND(E74*(1+$G$2),2) -> 270.91 | G74: =ROUND(F74*D74,2) -> 270.91 | J74: 243.36 | K74: =IF(J74="","",ROUND(J74*(1-$K$5-I74),2)) -> 219.02 | L74: =IF(J74="","",(J74-K74)/J74) -> 0.10001644
A75: 1.7.12 | B75: ELETRODUTO PVC FLEXIVEL CORRUGADO , REFORCADO, COR LARANJA, DE 32 MM(1"), INSTALADO EM PISO - 91847 - ADAPTADA | C75: m | D75: 89.1 | E75: =K75 -> 13.38 | F75: =ROUND(E75*(1+$G$2),2) -> 16.55 | G75: =ROUND(F75*D75,2) -> 1474.61 | J75: 14.87 | K75: =IF(J75="","",ROUND(J75*(1-$K$5-I75),2)) -> 13.38 | L75: =IF(J75="","",(J75-K75)/J75) -> 0.10020175
... A86: 1.7.23 | B86: CABO DE COBRE FLEXÍVEL ISOLADO, 6 MM*, ANTI-CHAMA 0,6/1,0 KV, PARA CIRCUITOS TERMINAIS - FORNECIMENTO E INSTALAÇÃO. AF_12/2015 | C86: m | D86: 90 | E86: =K86 -> 8.32 | F86: =ROUND(E86*(1+$G$2),2) -> 10.29 | G86: =ROUND(F86*D86,2) -> 926.1 | J86: 9.24 | K86: =IF(J86="","",ROUND(J86*(1-$K$5-I86),2)) -> 8.32 | L86: =IF(J86="","",(J86-K86)/J86) -> 0.0995671
A87: 1.8 | B87: SERVIÇOS COMPLEMENTARES | G87: =SUM(G88:G94) -> 41137.93
A88: 1.8.1 | B88: PISO EM CONCRETO 20 MPA PREPARO MECÂNICO, ESPESSURA 10 CM, INCLUSO JUNTAS DE DILATACAO EM MADEIRA | C88: m² | D88: 155.04 | E88: =K88 -> 72.88 | F88: =ROUND(E88*(1+$G$2),2) -> 90.15 | G88: =ROUND(F88*D88,2) -> 13976.86 | J88: 80.98 | K88: =IF(J88="","",ROUND(J88*(1-$K$5-I88),2)) -> 72.88 | L88: =IF(J88="","",(J88-K88)/J88) -> 0.1000247
A89: 1.8.2 | B89: RAMPA PARA ACESSO DE DEFICIENTE, EM CONCRETO SIMPLES FCK = 25 MPA, DESEMPENADA | C89: un | D89: 1 | E89: =K89 -> 185.18 | F89: =ROUND(E89*(1+$G$2),2) -> 229.05 | G89: =ROUND(F89*D89,2) -> 229.05 | J89: 205.75 | K89: =IF(J89="","",ROUND(J89*(1-$K$5-I89),2)) -> 185.18 | L89: =IF(J89="","",(J89-K89)/J89) -> 0.099975699
A90: 1.8.3 | B90: PISO PODOTÁTIL DE CONCRETO , ALERTA. APLICADO EM PISO (40X40CM) COM JUNTA SECA, COR VERMELHO/AMARELO, ASSENTAMENTO COM ARGAMASSA INDUSTRIALIZADA, INCLUSIVE FORNECIMENTO E INSTALAÇÃO | C90: m² | D90: 0.48 | E90: =K90 -> 111.37 | F90: =ROUND(E90*(1+$G$2),2) -> 137.75 | G90: =ROUND(F90*D90,2) -> 66.12 | J90: 123.74 | K90: =IF(J90="","",ROUND(J90*(1-$K$5-I90),2)) -> 111.37 | L90: =IF(J90="","",(J90-K90)/J90) -> 0.099967674
A91: 1.8.4 | B91: EXECUÇÃO DE PASSEIO (CALÇADA) OU PISO DE CONCRETO COM CONCRETO MOLDADO IN LOCO, USINADO, ACABAMENTO CONVENCIONAL, NÃO ARMADO. AF 08/2022 | C91: m³ | D91: 19.2 | E91: =K91 -> 728.95 | F91: =ROUND(E91*(1+$G$2),2) -> 901.64 | G91: =ROUND(F91*D91,2) -> 17311.49 | J91: 809.94 | K91: =IF(J91="","",ROUND(J91*(1-$K$5-I91),2)) -> 728.95 | L91: =IF(J91="","",(J91-K91)/J91) -> 0.099995061
A92: 1.8.5 | B92: ASSENTAMENTO DE GUIA (MEIO-FIO) EM TRECHO RETO, CONFECCIONADA EM CONCRETO PRÉ-FABRICADO, DIMENSÕES 1OOX 15X 13X30 CM (COMPRIMENTO X BASE INFERIOR X BASE SUPERIOR X ALTURA), PARA VIAS URBANAS (USO VIÁRIO). AF_06/2016 | C92: m | D92: 109.75 | E92: =K92 -> 63.19 | F92: =ROUND(E92*(1+$G$2),2) -> 78.16 | G92: =ROUND(F92*D92,2) -> 8578.06 | J92: 70.21 | K92: =IF(J92="","",ROUND(J92*(1-$K$5-I92),2)) -> 63.19 | L92: =IF(J92="","",(J92-K92)/J92) -> 0.099985757
A93: 1.8.6 | B93: LANÇAMENTO E ESPALHAMENTO DE SOLO OU MATERIAL DE DEMOLIÇÃO EM ÁREA DE PASSEIO EXCLUSIVE APILOAMENTO | C93: m³ | D93: 28.81 | E93: =K93 -> 18.65 | F93: =ROUND(E93*(1+$G$2),2) -> 23.07 | G93: =ROUND(F93*D93,2) -> 664.65 | J93: 20.72 | K93: =IF(J93="","",ROUND(J93*(1-$K$5-I93),2)) -> 18.65 | L93: =IF(J93="","",(J93-K93)/J93) -> 0.099903475
A94: 1.8.7 | B94: TRANSPORTE EM CAÇAMBA (5M³) | C94: un | D94: 1 | E94: =K94 -> 252 | F94: =ROUND(E94*(1+$G$2),2) -> 311.7 | G94: =ROUND(F94*D94,2) -> 311.7 | J94: 280 | K94: =IF(J94="","",ROUND(J94*(1-$K$5-I94),2)) -> 252 | L94: =IF(J94="","",(J94-K94)/J94) -> 0.1
A95: 2 | B95: QUADRA SINTÉTICA CURUMIM | G95: =SUM(G96,G102,G107,G123,G130,G142,G158,G164) -> 436015.94
A96: 2.1 | B96: SERVIÇOS PRELIMINARES | G96: =SUM(G97:G101) -> 26384.32
A97: 2.1.1 | B97: FORNECIMENTO E COLOCAÇÃO DE PLACA DE OBRA EM CHAPA GALVANIZADA #26, ESP. 0,45 MM, PLOTA DA COM ADESIVO VINÍLICO, AFIXADA COM REBITES 4,8X40 MM, EM ESTRUTURA METÁLICA DE METALON 20X20 MM, ESP. 1,25 MM, INCLUSIVE SUPORTE EM EUCALIPTO AUTOCLAVADO PINTADO COM TINTA PVA DUAS (2) DEMÃOS | C97: m² | D97: 4.5 | E97: =K97 -> 268.09 | F97: =ROUND(E97*(1+$G$2),2) -> 331.6 | G97: =ROUND(F97*D97,2) -> 1492.2 | J97: 297.88 | K97: =IF(J97="","",ROUND(J97*(1-$K$5-I97),2)) -> 268.09 | L97: =IF(J97="","",(J97-K97)/J97) -> 0.10000671
A98: 2.1.2 | B98: TAPUME PADRAO SUDECAP (TIPO I, II E III) - COMPENSADO 10MM FIXAÇAO ENTERRADA SEM INFORME PBH | C98: m | D98: 124.4 | E98: =K98 -> 94.29 | F98: =ROUND(E98*(1+$G$2),2) -> 116.63 | G98: =ROUND(F98*D98,2) -> 14508.77 | J98: 104.77 | K98: =IF(J98="","",ROUND(J98*(1-$K$5-I98),2)) -> 94.29 | L98: =IF(J98="","",(J98-K98)/J98) -> 0.10002863
A99: 2.1.3 | B99: LOCACAO CONVENCIONAL DE OBRA, UTILIZANDO GABARITO DE TÁBUAS CORRIDAS PONTALETADAS A CADA 2,00M - 2 UTILIZAÇÕES. AF_10/2018 | C99: m | D99: 116.4 | E99: =K99 -> 60.33 | F99: =ROUND(E99*(1+$G$2),2) -> 74.62 | G99: =ROUND(F99*D99,2) -> 8685.77 | J99: 67.03 | K99: =IF(J99="","",ROUND(J99*(1-$K$5-I99),2)) -> 60.33 | L99: =IF(J99="","",(J99-K99)/J99) -> 0.099955244
A100: 2.1.4 | B100: LIGAÇÃO DE ÁGUA PROVISÓRIA PARA CANTEIRO, INCLUSIVE HIDRÔMETRO E CAVALETE PARA MEDIÇÃO DE ÁGUA - ENTRADA PRINCIPAL, EM AÇO GALVANIZADO DN 20MM (1/2") - PADRÃO CONCESSIONÁRIA | C100: un | D100: 1 | E100: =K100 -> 338.72 | F100: =ROUND(E100*(1+$G$2),2) -> 418.96 | G100: =ROUND(F100*D100,2) -> 418.96 | J100: 376.36 | K100: =IF(J100="","",ROUND(J100*(1-$K$5-I100),2)) -> 338.72 | L100: =IF(J100="","",(J100-K100)/J100) -> 0.10001063
A101: 2.1.5 | B101: LIGAÇÃO PROVISÓRIA COM ENTRADA DE ENERGIA AÉREA, PADRÃO CEMIG, CARGA INSTALA DA DE 15,1KVA ATÉ 30KVA, TRIFÁ SICO , COM SAÍDA SUBTERRÂNEA, INCLUSIVE POSTE, CAIXA PARA MEDIDOR, DISJUNTOR, BARRAMENTO , ATERRAMENTO E ACESSÓRIOS | C101: un | D101: 1 | E101: =K101 -> 1033.73 | F101: =ROUND(E101*(1+$G$2),2) -> 1278.62 | G101: =ROUND(F101*D101,2) -> 1278.62 | J101: 1148.59 | K101: =IF(J101="","",ROUND(J101*(1-$K$5-I101),2)) -> 1033.73 | L101: =IF(J101="","",(J101-K101)/J101) -> 0.10000087
A102: 2.2 | B102: ADMINISTRAÇÃO LOCAL | G102: =SUM(G103:G106) -> 36540.3
A103: 2.2.1 | B103: ADMINISTRAÇÃO LOCAL | C103: un | D103: 1 | E103: =K103 -> 23958.8 | F103: =ROUND(E103*(1+$G$2),2) -> 29634.64 | G103: =ROUND(F103*D103,2) -> 29634.64 | J103: 26620.89 | K103: =IF(J103="","",ROUND(J103*(1-$K$5-I103),2)) -> 23958.8 | L103: =IF(J103="","",(J103-K103)/J103) -> 0.10000004
A104: 2.2.2 | B104: LOCACAO DE CONTAINER 2,30 X 6,00 M, ALT. 2,50 M, PARA ESCRITORIO, SEM DIVISORIAS INTERNAS E SEM SANITARIO (NAO INCLUI MOBILIZACAO/DESMOBILIZACAO) | C104: mês | D104: 3 | E104: =K104 -> 674.64 | F104: =ROUND(E104*(1+$G$2),2) -> 834.46 | G104: =ROUND(F104*D104,2) -> 2503.38 | J104: 749.6 | K104: =IF(J104="","",ROUND(J104*(1-$K$5-I104),2)) -> 674.64 | L104: =IF(J104="","",(J104-K104)/J104) -> 0.1
A105: 2.2.3 | B105: LOCACAO DE CONTAINER 2,30 X 4,30 M, ALT. 2,50 M, PARA SANITARIO, COM 3 BACIAS, 4 CHUVEIROS, 1 LAVATORIO E 1 MICTORIO (NAO INCLUI MOBILIZACAO/DESMOBILIZACAO) | C105: mês | D105: 3 | E105: =K105 -> 980.49 | F105: =ROUND(E105*(1+$G$2),2) -> 1212.77 | G105: =ROUND(F105*D105,2) -> 3638.31 | J105: 1089.43 | K105: =IF(J105="","",ROUND(J105*(1-$K$5-I105),2)) -> 980.49 | L105: =IF(J105="","",(J105-K105)/J105) -> 0.099997246
A106: 2.2.4 | B106: MOBILIZAÇÃO E DESMOBILIZAÇÃO DE CONTAINER, INCLUSIVE CARGA, DESCARGA E TRANSPORTE EM CAMINHÃO CARROCERIA COM GUINDAUT O (MUNCK), EXCLUSIVE LOCAÇÃO DO CONTAINER | C106: un | D106: 1 | E106: =K106 -> 617.65 | F106: =ROUND(E106*(1+$G$2),2) -> 763.97 | G106: =ROUND(F106*D106,2) -> 763.97 | J106: 686.28 | K106: =IF(J106="","",ROUND(J106*(1-$K$5-I106),2)) -> 617.65 | L106: =IF(J106="","",(J106-K106)/J106) -> 0.10000291
A107: 2.3 | B107: ALAMBRADO/FUNDAÇÃO DO ALAMBRADO | G107: =SUM(G108:G122) -> 109023.86
A108: 2.3.1 | B108: ALAMBRADO PARA QUADRA POLIESPORTIVA, ESTRUTURADO POR TUBOS DE ACO GALVANIZADO, COM COSTURA, DIN 2440, DIAMETRO 2 1/2", COM TELA DE ARAME GALVANIZADO, FIO 14 BWG E MALHA QUADRADA 5X5CM | C108: m² | D108: 393.98 | E108: =K108 -> 170.64 | F108: =ROUND(E108*(1+$G$2),2) -> 211.06 | G108: =ROUND(F108*D108,2) -> 83153.42 | I108: 0.18 | J108: 237 | K108: =IF(J108="","",ROUND(J108*(1-$K$5-I108),2)) -> 170.64 | L108: =IF(J108="","",(J108-K108)/J108) -> 0.28
A109: 2.3.2 | B109: PORTÃO EM TUBOS DE AÇO GALVANIZADO 2 1/2", COM COSTURA, DIN 244 0, COM TELA DE ARAME GALVANIZADO, FIO 14 BWG E MALHA QUADRADA 5x5CM - 0,9X2,10. | C109: un | D109: 2 | E109: =K109 -> 776.45 | F109: =ROUND(E109*(1+$G$2),2) -> 960.39 | G109: =ROUND(F109*D109,2) -> 1920.78 | J109: 862.72 | K109: =IF(J109="","",ROUND(J109*(1-$K$5-I109),2)) -> 776.45 | L109: =IF(J109="","",(J109-K109)/J109) -> 0.099997682
A110: 2.3.3 | B110: ESCAVAÇÃO MANUAL PARA BLOCO DE COROAMENTO OU SAPATA (INCLUINDO ESCAVAÇÃO PARA COLOCAÇÃO DE FÔRMAS). AF_06/2017 | C110: m³ | D110: 4.41 | E110: =K110 -> 79.75 | F110: =ROUND(E110*(1+$G$2),2) -> 98.64 | G110: =ROUND(F110*D110,2) -> 435 | J110: 88.61 | K110: =IF(J110="","",ROUND(J110*(1-$K$5-I110),2)) -> 79.75 | L110: =IF(J110="","",(J110-K110)/J110) -> 0.099988715
A111: 2.3.4 | B111: FABRICAÇÃO , MONTAGEM E DESMONTAGEM DE FÔRMA PARA BLOCO DE COROAMENTO , EM MADEIRA SERRADA, E=25 MM, 4 UTILIZAÇÕES. AF 06/2017 | C111: m² | D111: 19.44 | E111: =K111 -> 96.39 | F111: =ROUND(E111*(1+$G$2),2) -> 119.22 | G111: =ROUND(F111*D111,2) -> 2317.64 | J111: 107.1 | K111: =IF(J111="","",ROUND(J111*(1-$K$5-I111),2)) -> 96.39 | L111: =IF(J111="","",(J111-K111)/J111) -> 0.1
A112: 2.3.5 | B112: CONCRETAGEM DE ELEMENTOS DE FUNDAÇÃO, FCK 25 MPA, COM USO DE BOMBA LANÇAMENTO, ADENSAMENTO E ACABAMENTO . AF_06/2017 | C112: m³ | D112: 2.92 | E112: =K112 -> 674.99 | F112: =ROUND(E112*(1+$G$2),2) -> 834.9 | G112: =ROUND(F112*D112,2) -> 2437.91 | J112: 749.99 | K112: =IF(J112="","",ROUND(J112*(1-$K$5-I112),2)) -> 674.99 | L112: =IF(J112="","",(J112-K112)/J112) -> 0.10000133
A113: 2.3.6 | B113: ESTACA BROCA DE CONCRETO, DIAMETRO DE 30 CM, ESCAVAÇAO MANUAL COM TRADO CONCHA, EXCLUSIVE ARMAÇÃO - CONCRETO FCK=25MPa USINADO | C113: m | D113: 64 | E113: =K113 -> 60.81 | F113: =ROUND(E113*(1+$G$2),2) -> 75.22 | G113: =ROUND(F113*D113,2) -> 4814.08 | J113: 67.57 | K113: =IF(J113="","",ROUND(J113*(1-$K$5-I113),2)) -> 60.81 | L113: =IF(J113="","",(J113-K113)/J113) -> 0.1000444
A114: 2.3.7 | B114: LASTRO DE CONCRETO MAGRO, APLICADO EM BLOCOS DE COROAMENTO OU SAPATAS. AF 08/2017 | C114: m³ | D114: 0.32 | E114: =K114 -> 570.47 | F114: =ROUND(E114*(1+$G$2),2) -> 705.61 | G114: =ROUND(F114*D114,2) -> 225.8 | J114: 633.86 | K114: =IF(J114="","",ROUND(J114*(1-$K$5-I114),2)) -> 570.47 | L114: =IF(J114="","",(J114-K114)/J114) -> 0.10000631
A115: 2.3.8 | B115: ARMAÇÃO DE BLOCO, VIGA BALDRAME OU SAPATA UTILIZANDO AÇO CA- 50 DE 8 MM - MONTAGEM. AF_06/2017 | C115: kg | D115: 183.58 | E115: =K115 -> 13.72 | F115: =ROUND(E115*(1+$G$2),2) -> 16.97 | G115: =ROUND(F115*D115,2) -> 3115.35 | J115: 15.24 | K115: =IF(J115="","",ROUND(J115*(1-$K$5-I115),2)) -> 13.72 | L115: =IF(J115="","",(J115-K115)/J115) -> 0.099737533
A116: 2.3.9 | B116: MONTAGEM DE ARMADURA DE ESTACAS, DIÂMETRO = 8,0 MM. AF 09/2021 OS | C116: kg | D116: 133.71 | E116: =K116 -> 11.98 | F116: =ROUND(E116*(1+$G$2),2) -> 14.82 | G116: =ROUND(F116*D116,2) -> 1981.58 | J116: 13.31 | K116: =IF(J116="","",ROUND(J116*(1-$K$5-I116),2)) -> 11.98 | L116: =IF(J116="","",(J116-K116)/J116) -> 0.099924869
...

Sheet CRONOGRAMA
A1: A Prefeitura Municipal de Santa Luzia - MG Objeto: construção de Quadras Sintéticas Tomada de Preço Nº 066/2023 Processo Administrativo Nº 7400/2023
A2: CRONOGRAMA FÍSICO-FINANCEIRO
A3: Item | B3: Descrição | E3: Valor (R$) | F3: Parcelas: | G3: 1 | H3: 2 | I3: 3 | J3: 4 | K3: 5 | L3: 6
A5: 1. | B5: =ORÇAMENTO!B6 -> QUADRA SINTÉTICA PALMITAL | E5: =ORÇAMENTO!G6 -> 446676.21 | F5: % Período: | G5: 0.056 | H5: 0.7227 | I5: 0.2213
G6: =$E$5*G5 -> 25013.868 | H6: =$E$5*H5 -> 322812.9 | I6: =$E$5*I5 -> 98849.445
A7: 1.1. | B7: =ORÇAMENTO!B7 -> SERVIÇOS PRELIMINARES | E7: =ORÇAMENTO!G7 -> 25122.52 | F7: % Período: | G7: 1
G8: =$E$7*G7 -> 25122.52
A9: 1.2. | B9: =ORÇAMENTO!B13 -> ADMINISTRAÇÃO LOCAL | E9: =ORÇAMENTO!G13 -> 36540.3 | F9: % Período: | I9: 1
I10: =$E$9*I9 -> 36540.3
A11: 1.3. | B11: =ORÇAMENTO!B18 -> DEMOLIÇÕES, REMOÇÕES E LIMPEZA | E11: =ORÇAMENTO!G18 -> 1117.7 | F11: % Período: | G11: 1
G12: =$E$11*G11 -> 1117.7
A13: 1.4. | B13: =ORÇAMENTO!B21 -> MUROS DE CONTENÇÃO | E13: =ORÇAMENTO!G21 -> 104589.75 | F13: % Período: | H13: 1
H14: =$E$13*H13 -> 104589.75
A15: 1.5. | B15: =ORÇAMENTO!B40 -> ALAMBRADO/FUNDAÇÃO DO ALAMBRADO | E15: =ORÇAMENTO!G40 -> 110869.93 | F15: % Período: | H15: 1
H16: =$E$15*H15 -> 110869.93
A17: 1.6. | B17: =ORÇAMENTO!B56 -> QUADRA SINTÉTICA | E17: =ORÇAMENTO!G56 -> 101357.51 | F17: % Período: | H17: 1
H18: =$E$17*H17 -> 101357.51
A19: 1.7. | B19: =ORÇAMENTO!B63 -> ILUMINAÇÃO | E19: =ORÇAMENTO!G63 -> 25940.57 | F19: % Período: | I19: 1
I20: =$E$19*I19 -> 25940.57
A21: 1.8. | B21: =ORÇAMENTO!B87 -> SERVIÇOS COMPLEMENTARES | E21: =ORÇAMENTO!G87 -> 41137.93 | F21: % Período: | I21: 1
I22: =$E$21*I21 -> 41137.93
A23: 2. | B23: =ORÇAMENTO!B95 -> QUADRA SINTÉTICA CURUMIM | E23: =ORÇAMENTO!G95 -> 436015.94 | F23: % Período:
A25: 2.1. | B25: =ORÇAMENTO!B96 -> SERVIÇOS PRELIMINARES | E25: =ORÇAMENTO!G96 -> 26384.32 | F25: % Período:
A27: 2.2. | B27: =ORÇAMENTO!B102 -> ADMINISTRAÇÃO LOCAL | E27: =ORÇAMENTO!G102 -> 36540.3 | F27: % Período:
A29: 2.3. | B29: =ORÇAMENTO!B107 -> ALAMBRADO/FUNDAÇÃO DO ALAMBRADO | E29: =ORÇAMENTO!G107 -> 109023.86 | F29: % Período:
A31: 2.4. | B31: =ORÇAMENTO!B123 -> QUADRA SINTÉTICA | E31: =ORÇAMENTO!G123 -> 113842.5 | F31: % Período:
A33: 2.5. | B33: =ORÇAMENTO!B130 -> DRENAGEM | E33: =ORÇAMENTO!G130 -> 29933.28 | F33: % Período:
A35: 2.6. | B35: =ORÇAMENTO!B142 -> ILUMINAÇÃO | E35: =ORÇAMENTO!G142 -> 23449.36 | F35: % Período:
A37: 2.7. | B37: =ORÇAMENTO!B158 -> RECUPERAÇÃO DO TALUDE | E37: =ORÇAMENTO!G158 -> 16160.03 | F37: % Período:
A39: 2.8. | B39: =ORÇAMENTO!B164 -> SERVIÇOS COMPLEMENTARES | E39: =ORÇAMENTO!G164 -> 80682.29 | F39: % Período:
A41: Total: | B41: =E5 -> 446676.21 | D41: Período: | E41: %: | G41: =G42/$B$41 -> 0.058745506 | H41: =H42/$B$41 -> 0.70927706 | I41: =I42/$B$41 -> 0.23197743
E42: Repasse: | G42: =SUM(G8,G12,G14,G10,G16,G18,G20,G22,G26,G28,G30,G32,G34,G36,G38,G40) -> 26240.22 | H42: =SUM(H8,H12,H14,H10,H16,H18,H20,H22,H26,H28,H30,H32,H34,H36,H38,H40) -> 316817.19 | I42: =SUM(I8,I12,I14,I10,I16,I18,I20,I22,I26,I28,I30,I32,I34,I36,I38,I40) -> 103618.8
E43: Contrapartida: | G43: - | H43: - | I43: -
E44: Outros: | G44: - | H44: - | I44: -
E45: Investimento: | G45: =G42 -> 26240.22 | H45: =H42 -> 316817.19 | I45: =I42 -> 103618.8
D46: Acumulado: | E46: %: | G46: =G41 -> 0.058745506 | H46: =G46+H41 -> 0.76802257 | I46: =H46+I41 -> 1
E47: Repasse: | G47: =G42 -> 26240.22 | H47: =G47+H42 -> 343057.41 | I47: =H47+I42 -> 446676.21
E48: Contrapartida: | G48: - | H48: - | I48: -
E49: Outros: | G49: - | H49: - | I49: -
E50: Investimento: | G50: =G45 -> 26240.22 | H50: =G50+H45 -> 343057.41 | I50: =H50+I45 -> 446676.21
A52: Três Pontas, 02 de agosto de 2023
A62: ENGETELA COMÉRCIO E SERVIÇOS LTDA – CNPJ: 12.721.248/0001-20
A63: Thiago Correa de Almeida – Procurador
A64: RG: MG12037684 SSP/MG – CPF: 083.409.306-56

Sheet BDI 
A1: A Prefeitura Municipal de Santa Luzia - MG Objeto: construção de Quadras Sintéticas Tomada de Preço Nº 066/2023 Processo Administrativo Nº 7400/2023
A2: BDI
A3: ITENS | C3: SIGLA | D3: % ADOTADA
A4: Administração Central | C4: AC | D4: 0.0467
A5: Seguro e Garantia | C5: SG | D5: 0.004
A6: Risco | C6: R | D6: 0.0056
A7: Despesas Financeiras | C7: DF | D7: 0.0111
A8: Lucro | C8: L | D8: 0.0869
A9: Tributos (impostos COFINS 3%, e PIS 0,65%) | C9: CP | D9: 0.0365
A10: Tributos (ISS, variável de acordo com o município) | C10: ISS | D10: 0.025
A11: Tributos (Contribuição Previdenciária sobre a Receita Bruta - 0% ou 4,5% - Desoneração) | C11: CPRB | D11: 0
A12: BDI SEM desoneração (Fórmula Acórdão TCU) | C12: BDI PAD | D12: =(((1+D4+D5+D6)*(1+D7)*(1+D8))/(1-D9-D10-D11))-1 -> 0.23690602
A13: Os valores de BDI foram calculados com o emprego da fórmula:
A14: BDI = | B14: (1+AC + S + R + G)*(1 + DF)*(1+L) | D14: -1
B15: (1-CP-ISS-CRPB)
A16: Declaro para os devidos fins que, conforme legislação tributária municipal, a base de cálculo deste tipo de obra corresponde à 100%, com a respectiva alíquota de 3%.
A18: Declaro para os devidos fins que o regime de Contribuição Previdenciária sobre a Receita Bruta adotado para elaboração do orçamento foi SEM Desoneração, e que esta é a alternativa mais adequada para a Administração Pública.
A20: Três Pontas, 02 de agosto de 2023
A30: ENGETELA COMÉRCIO E SERVIÇOS LTDA – CNPJ: 12.721.248/0001-20
A31: Thiago Correa de Almeida – Procurador
A32: RG: MG12037684 SSP/MG – CPF: 083.409.306-56
